 Dungeon Crawl Stone Soup version 0.21.1-1-g345015f (webtiles) character file.

8 letownia3 the Magician (level 2, 19/19 HPs)
             Began as a Demonspawn Wizard on Feb 5, 2018.
             Quit the game on level 1 of the Dungeon.
             The game lasted 00:01:01 (725 turns).

letownia3 the Magician (Demonspawn Wizard)           Turns: 725, Time: 00:01:02

Health: 19/19      AC:  3    Str:  7    XL:     2   Next: 0%
Magic:  1/6        EV: 11    Int: 19    God:
Gold:   0          SH:  0    Dex: 11    Spells: 6/7 levels left

rFire    . . .     SeeInvis .   (no weapon)
rCold    . . .     Gourm    .   (no shield)
rNeg     . . .     Faith    .   k - +0 leather armour
rPois    .         Spirit   .   b - +0 hat
rElec    .         Reflect  .   (no cloak)
rCorr    .         Harm     .   (no gloves)
MR       .....                  (no boots)
Stlth    +.........             (no amulet)
HPRegen  0.06/turn              (no ring)
MPRegen  0.10/turn              (no ring)

@: very slightly contaminated
A: talons 1
a: no special abilities


You were on level 1 of the Dungeon.
You were not hungry.

You visited 1 branch of the dungeon, and saw 1 of its levels.

Inventory:

Missiles
 e - a throwing net (quivered)
Armour
 a - a +0 robe
 b - a +0 hat (worn)
 j - a +0 ring mail
 k - a +0 leather armour (worn)
Scrolls
 h - a scroll of magic mapping {unknown}
 i - a scroll of immolation {unknown}
Potions
 f - a potion of berserk rage {unknown}
 g - a potion of magic {unknown}
 l - a potion of ambrosia {unknown}
Books
 c - a book of Minor Magic

   Spells                             Type                      Level
   a - Magic Dart                     Conjuration                  1
   b - Blink                          Translocation                2
   c - Call Imp                       Summoning                    2
   d - Slow                           Hexes                        2
   e - Conjure Flame                  Conjuration/Fire             3
   f - Mephitic Cloud                 Conjuration/Poison/Air       3
Comestibles
 d - a ration


   Skills:
 - Level 1.7 Dodging
 - Level 1.7 Stealth
 - Level 3.0 Spellcasting
 + Level 2.1 Conjurations
   Level 1.0 Summonings
   Level 0.8 Translocations


You had 6 spell levels left.
You knew the following spells:

 Your Spells              Type           Power        Failure   Level  Hunger
a - Magic Dart            Conj           ##..         10%         1    None


Dungeon Overview and Level Annotations

Branches:
Dungeon (1/15)

Altars:


Innate Abilities, Weirdness & Mutations

You have sharp toenails.


Message History

You closely miss the kobold.
The kobold is severely wounded.
The kobold hits you but does no damage.
Casting: Magic Dart
Confirm with . or Enter, or press ? or * to list all spells.
Aiming: Magic Dart
Press: ? - help, Shift-Dir - straight line, f/p - kobold
Aim: a kobold, wielding a club (severely wounded)
The magic dart hits the kobold.
You kill the kobold!
You have reached level 2!
Your demonic ancestry asserts itself...
Your toenails lengthen and sharpen.
Unknown command.
You start resting.
HP restored.
Unknown command.
Are you sure you want to abandon this character and quit the game? (Confirm with "yes".)
Okay, then.
Are you sure you want to abandon this character and quit the game? (Confirm with "yes".)

#.....#........................#.
#.....#.###.#..#.#####.#####.....
#..............#...# #.# #K#.#.
......#.###....#.#.# #.# ##.#.#(
#######.# #....#.#.###.# #..#...
#.# #............####..##.# #.#
#........###.##.#..##.. ## #.#
#....#)### #.##.#..###.
.######.###....#@#####...........
.......................##.#..#.#.
#.......###........######+#......
#.......# #........# ..##.##
#......)# #........# ..# .#
#.......# #..(.....# ...# #
........# #........# ...#
#.......# #........# .+ #.......#
#........#


There were no monsters in sight!

Vanquished Creatures
  A leopard gecko (D:1)
  2 giant cockroaches (D:1)
  A goblin (D:1)
  A kobold (D:1)
  A rat (D:1)
6 creatures vanquished.

Notes
Turn   | Place    | Note
-------+----------+-------------------------------------------
     0 | D:1      | letownia3 the Demonspawn Wizard began the quest for the Orb.
     0 | D:1      | Reached XP level 1. HP: 13/13 MP: 4/4
   716 | D:1      | Gained mutation: You have sharp toenails. [demonic ancestry]
   716 | D:1      | Reached XP level 2. HP: 18/19 MP: 0/6
   725 | D:1      | Quit the game

Skill      XL: |  1 |
---------------+----+-----
Conjurations   | 2 |  2.1
Dodging        | |  1.7
Stealth        | |  1.7
Spellcasting   | |  3.0
Summonings     | |  1.0
Translocations | |  0.8

Action                   || total
-------------------------++-------
Melee: Unarmed           ||    38
 Cast: Magic Dart        ||    22
Armor: Robe              ||    10
       Leather armour    ||     2
Dodge: Dodged            ||    27
